 Dungeon Crawl Stone Soup version 0.28-a0-474-g535839065c (webtiles) character file.

Game seed: 137034393913692312

176863 siradein the Blocker (level 18, -1/100 HPs)
             Began as a Vine Stalker Fighter on Sept 14, 2021.
             Was an Initiate of Gozag.
             Slain by a wolf spider (15 damage)
             ... on level 2 of the Spider Nest on Sept 15, 2021.
             The game lasted 01:43:39 (26162 turns).

siradein the Blocker (Vine Stalker Fighter)        Turns: 26162, Time: 01:43:39

Health: -1/100     AC: 34    Str: 23    XL:     18   Next: 14%
Magic:  0/43       EV:  5    Int: 12    God:    Gozag
Gold:   4502       SH:  0    Dex: 24    Spells: 37/39 levels left

rFire   + + +      SeeInvis .   w - +8 autumn katana {vorpal, Clar}
rCold   + + .      Faith    .   Z - +2 tower shield {AC+3}
rNeg    + + +      Spirit   +   j - +1 gold dragon scales of the Serpent {Drain *Slow rElec rPois rF+ rC+ rN+++}
rPois   +          Reflect  +   X - +1 helmet of the Devil's Team {rElec Will- MP+9 Slay+3}
rElec   +          Harm     .   J - +2 cloak
rCorr   .          Rampage  .   K - +1 pair of gloves {archery}
Will    +....      Clarity  +   k - +0 pair of boots
Stlth   ..........              P - amulet "Bacul" {Reflect Dex+6 SH+5}
HPRegen 2.26/turn               A - ring of the Cricket {rF+ rN+ EV+4 Int+4}
MPRegen 0.28/turn               E - ring of Teumm {rC+ rN+++ Slay+2}

@: lethally poisoned (-1 -> -26), about to teleport, gold aura, held, slowed,
very slow
A: fangs 3, regeneration 2, magic shield, antimagic bite, no potion heal 2,
iridescent scales 1, fire resistance 1
a: Renounce Religion, Potion Petition, Call Merchant, Bribe Branch


You were on level 2 of the Spider Nest.
You worshipped Gozag.
Gozag was most pleased with you.
You visited 6 branches of the dungeon, and saw 30 of its levels.
You also visited: Gauntlet and Volcano.

You collected 10718 gold pieces.
You spent 3705 gold pieces at shops.
You paid 2511 gold pieces to Gozag.

Inventory:

Hand Weapons
 v - the +6 rapier of the Girdle {venom, +Blink MP+9 Str+2 Stlth+}
   (You bought it in a shop on level 15 of the Dungeon)

   It poisons the flesh of those it strikes.
   Str:       It affects your strength (+2).
   MP:        It affects your magic capacity (+9).
   +Blink:    It lets you blink.
   Stlth:     It makes you more stealthy.
 w - the +8 autumn katana (weapon) {vorpal, Clar}
   (You bought it in a shop on level 13 of the Dungeon)

   It inflicts extra damage upon your enemies.
   Clar:      It protects you against confusion.
Missiles
 t - 12 silver javelins
 F - 16 javelins (quivered)
Armour
 j - the +1 gold dragon scales of the Serpent (worn) {Drain *Slow rElec rPois rF+ rC+ rN+++}
   (You found it on level 11 of the Dungeon)

   rF:        It protects you from fire.
   rC:        It protects you from cold.
   rElec:     It insulates you from electricity.
   rPois:     It protects you from poison.
   rN:        It renders you almost immune to negative energy.
   Drain:     It drains your maximum health when unequipped.
   *Slow:     It may slow you when you take damage.
 k - a +0 pair of boots (worn)
 J - a +2 cloak (worn)
 K - a +1 pair of gloves of archery (worn)
 X - the +1 helmet of the Devil's Team (worn) {rElec Will- MP+9 Slay+3}
   (You found it in a Gauntlet)

   Slay:      It affects your accuracy & damage with ranged weapons and melee
   (+3).
   rElec:     It insulates you from electricity.
   MP:        It affects your magic capacity (+9).
   Will:      It decreases your willpower.
 Z - a +2 tower shield of protection (worn)
Jewellery
 s - a +6 ring of strength
 A - the ring of the Cricket (left hand) {rF+ rN+ EV+4 Int+4}
   (You found it on level 6 of the Dungeon)

   [ring of evasion]

   EV:        It affects your evasion (+4).
   Int:       It affects your intelligence (+4).
   rF:        It protects you from fire.
   rN:        It protects you from negative energy.
 E - the ring of Teumm (right hand) {rC+ rN+++ Slay+2}
   (You found it on level 6 of the Lair of Beasts)

   [ring of protection from cold]

   Slay:      It affects your accuracy & damage with ranged weapons and melee
   (+2).
   rC:        It protects you from cold.
   rN:        It renders you almost immune to negative energy.
 N - a ring of flight
 P - the amulet "Bacul" (around neck) {Reflect Dex+6 SH+5}
   (You bought it in a shop on level 3 of the Dungeon)

   [amulet of reflection]

   It reflects blocked missile attacks.
   Dex:       It affects your dexterity (+6).
   SH:        It affects your SH (+5).
 Q - a ring of see invisible
Wands
 C - a wand of charming (5)
 D - a wand of polymorph (22)
 G - a wand of iceblast (40)
 I - a wand of acid (11)
 R - a wand of paralysis (39)
 S - a wand of mindburst (14)
 T - a wand of flame (57)
Scrolls
 i - 3 scrolls of teleportation
 l - 2 scrolls of fog
 m - 7 scrolls of amnesia
 n - a scroll of silence
 o - 3 scrolls of enchant weapon
 r - 11 scrolls of immolation
 y - a scroll of blinking
 z - a scroll of holy word
 H - 2 scrolls of summoning
 L - 3 scrolls of vulnerability
 M - 3 scrolls of acquirement
Potions
 a - 3 potions of haste
 b - 2 potions of cancellation
 d - 5 potions of might
 e - 2 potions of lignification
 f - 4 potions of attraction {unknown}
 g - a potion of ambrosia {unknown}
 h - 3 potions of brilliance {unknown}
 p - 4 potions of flight {unknown}
 u - 9 potions of curing
 x - a potion of degeneration {unknown}
 B - 2 potions of magic {unknown}
 O - 4 potions of berserk rage {unknown}
 U - 2 potions of invisibility
 V - 3 potions of mutation
 Y - a potion of resistance
Miscellaneous
 c - a phantom mirror
 q - a piece from Xom's chessboard (15/15)
 W - a lightning rod (4/4)


   Skills:
 + Level 13.0 Fighting
 + Level 12.8 Long Blades
 + Level 12.0 Armour
 + Level 13.0 Shields
 + Level 11.1 Spellcasting
 + Level 7.2 Transmutations
 + Level 10.2 Evocations


You had 37 spell levels left.
You knew the following spells:

 Your Spells              Type           Power      Damage    Failure   Level
a - Wereblood             Tmut           24%        N/A       88%         2

Your spell library contained the following spells:

 Spells                   Type           Power      Damage    Failure   Level
 Beastly Appendage        Tmut           48%        N/A       77%         1
 Magic Dart               Conj           24%        1d4       100%        1
 Sandblast                Erth           12%        2d6       100%        1
 Summon Small Mammal      Summ           24%        N/A       100%        1
 Ensorcelled Hibernation  Hex/Ice        12%        N/A       100%        2
 Passwall                 Tmut/Erth      12%        N/A       100%        2
 Searing Ray              Conj           12%        2d4       100%        2
 Slow                     Hex            6%         N/A       100%        2
 Call Canine Familiar     Summ           6%         N/A       100%        3
 Confusing Touch          Hex            6%         N/A       100%        3
 Frozen Ramparts          Ice            12%        1d3       100%        3
 Ozocubu's Armour         Ice            6%         N/A       100%        3
 Spider Form              Tmut/Pois      7%         N/A       100%        3
 Stone Arrow              Conj/Erth      12%        3d7       100%        3
 Summon Guardian Golem    Hex/Summ       6%         N/A       100%        3
 Vampiric Draining        Necr           3%         2d6       100%        3
 Animate Dead             Necr           3%         N/A       100%        4
 Flame Wave               Conj/Fire      6%         3d4       100%        4
 Fulminant Prism          Conj/Hex       3%         3d6       100%        4
 Ice Form                 Ice/Tmut       15%        N/A       100%        4
 Summon Ice Beast         Ice/Summ       6%         N/A       100%        4
 Borgnjor's Vile Clutch   Necr/Erth      3%         N/A       100%        5
 Metabolic Englaciation   Hex/Ice        3%         N/A       100%        5
 Summon Forest            Summ/Tloc      3%         N/A       100%        5
 Yara's Violent Unravell  Hex/Tmut       7%         3d5       100%        5
 Death Channel            Necr           3%         N/A       100%        6
 Eringya's Noxious Bog    Tmut/Pois      7%         N/A       100%        6
 Simulacrum               Ice/Necr       3%         N/A       100%        6
 Summon Hydra             Summ           3%         N/A       100%        7
 Ignition                 Fire           3%         3d4       100%        8


Dungeon Overview and Level Annotations

Branches:
Dungeon (15/15)            Temple (1/1) D:4            Lair (6/6) D:8
  Swamp (4/4) Lair:4       Spider (1/4) Lair:4        Slime (0/5) Lair:5
    Orc (2/2) D:9             Elf (0/3) Orc:2        Vaults (0/5) D:14
 Depths (0/5) D:15        Volcano (visited)         Gauntlet (visited)

Altars:
Ashenzari
Cheibriados
Dithmenos
Elyvilon
Fedhas
Gozag
Hepliaklqana
Kikubaaqudgha
Makhleb
Nemelex Xobeh
Okawaru
Qazlal
Ru
Sif Muna
Trog
Uskayaw
Vehumet
Wu Jian
Xom
Yredelemnul
Zin
The Shining One
Jiyva
Lugonu

Shops:
D:3 =   D:7 *   D:12 [   D:13 (   D:15 *   Orc:2 :*[(   Lair:1 (   Swamp:3 (

Portals:
Abyss: Lair:6

Annotations:
Swamp:4 2 runed translucent doors, swinepaste's ghost, adept DsBe
Spider:2 Arachne


Innate Abilities, Weirdness & Mutations

You have razor-sharp teeth.
You heal very quickly.
When hurt, damage is shared between your health and your magic reserves.
Your bite disrupts and absorbs the magic of your enemies.
Potions cannot restore your health.
You are partially covered in iridescent scales. (AC +2)
Your flesh is heat resistant. (rF+)


Message History

The redback bites you but does no damage.
Arachne hits you but does no damage. Arachne envenoms you.
A moth of wrath comes into view.
The wolf spider hits you but does no damage.
You block the wolf spider's attack. The redback bites you.
Unknown command.
You slice Arachne!! You bite Arachne!
Arachne's magic leaks into the air.
You drain her magic.
You feel invigorated.
Arachne is moderately wounded.
You feel very sick.
The jumping spider is no longer distracted by gold. x2
You feel you are being watched by something.
You feel your power leaking away. You block the redback's attack.
Arachne's staff shoots out a stream of webbing.
The stream of webbing hits you but does no damage.
You are caught in a web!
The jumping spider completely misses you.
The jumping spider bites you but does no damage.
The wolf spider hits you but does no damage.
The wolf spider bites you.
The wolf spider hits you but does no damage.
The wolf spider bites you but does no damage.
The redback barely misses you. The redback bites you.
You are lethally poisoned!
The redback poisons you!
Arachne falters for a moment.
The tarantella is distracted by your dazzling golden aura.
The tarantella hisses angrily.
Unknown command.
Unknown command.
As you read the scroll of teleportation, it crumbles to dust.
You feel strangely unstable.
* * * LOW HITPOINT WARNING * * *
You feel extremely sick.
The jumping spider pounces on you but does no damage.
The jumping spider bites you.
* * * LOW HITPOINT WARNING * * *
The wolf spider hits you!
You die...
Your body crumbles into a pile of gold.

................
......[........
#......# #.....(#
#.....s#
##..s.ss#
....#ssss# $
...y..sssH#
.....#sws@#
.s#.....sss.^.^..
.......ssss.^....
..##.......#..^#
##...s..# .##
##...... #
#......# ........


You could see Arachne, an emperor scorpion, a torpor snail, a demonic crawler, 2
wolf spiders, a moth of wrath, an orb spider, 2 jumping spiders, 5 tarantellas
and 9 redbacks.

Vanquished Creatures
  The ghost of Spaninq the Fencer, an adept DjCA of Ignis (Swamp:3)
  A thorn hunter (Swamp:3)
  Frances (Spider:1)
  Kirke (Lair:4)
  2 orc warlords
  2 fenstrider witches
  3 ghouls (Swamp:1)
  A stone giant (D:15)
  Nessos (Lair:5)
  A minotaur (Gauntlet)
  Snorg (Lair:4)
  4 eleionomae
  8 bunyips
  2 shambling mangroves
  5 boulder beetles
  3 merfolk avatars (Swamp:2)
  A spriggan air mage (Swamp:2)
  3 ghost crabs (Swamp:1)
  10 two-headed ogres
  12 hydras
  7 centaur warriors
  4 death knights
  3 tengu warriors
  15 death yaks
  3 thrashing horrors (Lair:6)
  4 orc high priests (Orc:2)
  7 alligators
  Nergalle (D:12)
  Sonja (D:12)
  A wretched star (Gauntlet)
  3 skeletal warriors
  5 goliath frogs
  A spriggan druid (Swamp:4)
  5 swamp dragons
  9 bog bodies (Swamp:1)
  A lindwurm (Lair:6)
  2 necromancers
  2 deep elf pyromancers
  An orb spider (Lair:4)
  14 ugly things
  3 wolf spiders (Spider:2)
  7 spectral spriggans (Swamp:1)
  5 orc sorcerers
  3 orc knights (Orc:2)
  A shining eye (shapeshifter) (Lair:6)
  2 manticores
  3 cyclopes
  5 will-o-the-wisps
  An oklob plant (Lair:4)
  4 elephants
  5 black mambas
  3 smoke demons
  A molten gargoyle (Volcano)
  14 cane toads
  A gargoyle (Volcano)
  An unseen horror (D:11)
  5 rime drakes
  A tengu conjurer (D:9)
  4 freezing wraiths
  An efreet (D:15)
  2 ancient zymes (Lair:6)
  An ice devil (Gauntlet)
  A demonic crawler (Spider:2)
  13 komodo dragons
  3 red devils (Volcano)
  A jumping spider (shapeshifter) (Lair:6)
  8 trolls
  5 polar bears
  A death drake zombie (Swamp:4)
  9 hornets
  A queen bee (shapeshifter) (D:11)
  17 tyrant leeches
  12 slime creatures
  34 blink frogs
  6 dream sheep
  2 large abominations (Lair:6)
  2 redbacks (Spider:2)
  8 spriggans
  A vampire (D:12)
  3 tarantellas (Spider:1)
  8 wyverns
  2 ynoxinuls (Lair:6)
  Sigmund (D:2)
  2 shadows
  3 wraiths
  3 hogs (Lair:4)
  2 fire bats (Volcano)
  43 yaks
  2 basilisks
  A fire elemental (D:12)
  9 vampire mosquitoes
  A harpy simulacrum (D:14)
  16 small abominations
  4 wargs
  18 swamp worms
  10 water moccasins
  Duvessa (D:7)
  4 acid dragons
  A hell hound (Volcano)
  A hydra simulacrum (Swamp:4)
  5 swamp drakes
  12 black bears
  31 orc warriors
  3 ice beasts
  A necrophage (D:3)
  20 wolves
  7 ogres
  17 centaurs
  2 kobold brigands
  A gnoll sergeant (D:10)
  7 bullfrogs
  3 scorpions
  Dowan (D:7)
  13 killer bees
  4 electric eels
  A howler monkey (D:6)
  3 centaur zombies
  6 lava snakes (Volcano)
  A bullfrog zombie (D:5)
  4 hounds
  19 orc priests
  A jelly (D:7)
  A bullfrog skeleton (D:5)
  A gnoll shaman (D:6)
  Jessica (D:3)
  4 iguanas
  31 orc wizards
  Robin (D:3)
  A howler monkey skeleton (D:7)
  A howler monkey zombie (D:8)
  12 gnolls
  4 adders
  A shadow imp (D:8)
  4 white imps
  An adder skeleton (D:4)
  2 worms (D:2)
  5 dart slugs
  80 orcs
  8 endoplasms
  6 giant cockroaches
  14 goblins
  13 hobgoblins
  2 jackals (D:3)
  7 ball pythons
  5 bats
  6 frilled lizards
  13 kobolds
  6 rats
  A briar patch (Swamp:3)
877 creatures vanquished.

Vanquished Creatures (others)
  A death yak (Lair:5)
  A wizard (D:14)
  5 bloated husks
  A spriggan (Swamp:4)
  2 humans (Swamp:1)
  An orc priest (Orc:2)
  2 orc wizards (Orc:2)
  An orc (Orc:2)
  A briar patch (Swamp:3)
  A fire vortex (D:12)
  16 foxfires
  13 fungi
  33 plants
  4 withered plants (Gauntlet)
82 creatures vanquished.

Grand Total: 959 creatures vanquished

Notes
Turn   | Place    | Note
-------+----------+-------------------------------------------
     0 | D:1      | siradein the Vine Stalker Fighter began the quest for the
                  | Orb.
     0 | D:1      | Reached XP level 1. HP: 11/11 MP: 2/2
   266 | D:1      | Reached XP level 2. HP: 16/16 MP: 3/3
   597 | D:1      | Reached XP level 3. HP: 10/20 MP: 1/4
   773 | D:1      | Found a faded altar of an unknown god.
  1332 | D:2      | Noticed Sigmund
  1340 | D:2      | Killed Sigmund
  1341 | D:2      | Gained mutation: Your natural rate of healing is unusually
                  | fast. [Vine Stalker growth]
  1341 | D:2      | Reached XP level 4. HP: 7/25 MP: 5/5
  1341 | D:2      | Reached XP level 5. HP: 7/28 MP: 6/6
  1717 | D:3      | Found a burning altar of Makhleb.
  1761 | D:3      | Noticed Jessica
  1768 | D:3      | Killed Jessica
  1769 | D:3      | Reached XP level 6. HP: 6/33 MP: 0/7
  1921 | D:3      | Found Utogyi's Jewellery Boutique.
  1996 | D:3      | Noticed a necrophage
  2009 | D:3      | Killed a necrophage
  2136 | D:3      | Noticed Robin
  2177 | D:3      | Killed Robin
  2235 | D:3      | Found a snail-covered altar of Cheibriados.
  2306 | D:4      | Reached XP level 7. HP: 37/37 MP: 8/8
  2468 | D:4      | Found a staircase to the Ecumenical Temple.
  2548 | D:4      | Identified the +5 plate armour "Tyiwiosm" {Rampage *Slow
                  | Str+2 Slay+2}
  2569 | Temple   | Entered the Ecumenical Temple
  2751 | Temple   | Became a worshipper of Gozag Ym Sagoz the Greedy
  3249 | D:5      | Entered Level 5 of the Dungeon
  3335 | D:5      | Gained mutation: You have razor-sharp teeth. [Vine Stalker
                  | growth]
  3335 | D:5      | Reached XP level 8. HP: 36/42 MP: 7/9
  3370 | D:5      | Found a shadowy altar of Dithmenos.
  3696 | D:5      | Reached skill level 5 in Shields
  3710 | D:5      | Reached skill level 5 in Fighting
  4001 | D:6      | Identified the ring of the Cricket {rF+ rN+ EV+4 Int+4}
  4121 | D:6      | Reached skill level 5 in Long Blades
  4177 | D:6      | Reached skill level 5 in Armour
  4398 | D:6      | Reached XP level 9. HP: 48/48 MP: 10/10
  4876 | D:7      | Found Wury's Assorted Antiques.
  5207 | D:7      | Noticed Dowan
  5208 | D:7      | Noticed Duvessa
  5212 | D:7      | Killed Duvessa
  5214 | D:7      | Killed Dowan
  5248 | D:7      | Got the Collected Works on the Scorching Snowflakes
  6080 | D:8      | Found a white marble altar of Elyvilon.
  6607 | D:8      | Noticed a komodo dragon
  6614 | D:8      | Killed a komodo dragon
  6615 | D:8      | Reached XP level 10. HP: 39/53 MP: 7/11
  6727 | D:8      | Found a staircase to the Lair.
  7011 | D:9      | Noticed a deep troll
  7134 | D:9      | Found a staircase to the Orcish Mines.
  7262 | D:9      | Noticed a two-headed ogre
  7272 | D:9      | Killed a two-headed ogre
  7584 | D:3      | Bought the amulet "Bacul" {Reflect Dex+6 SH+5} for 595 gold
                  | pieces
  7584 | D:3      | Bought a ring of see invisible for 180 gold pieces
  7709 | D:10     | Entered Level 10 of the Dungeon
  7746 | D:10     | Noticed a two-headed ogre
  7746 | D:10     | Noticed a tengu warrior
  7776 | D:9      | Killed a two-headed ogre
  7777 | D:9      | Reached XP level 11. HP: 44/60 MP: 12/12
  7819 | D:9      | Killed a tengu warrior
  7997 | D:10     | Found a basalt altar of Yredelemnul.
  8051 | D:10     | Noticed a two-headed ogre
  8100 | D:9      | Killed a two-headed ogre
  8362 | D:10     | Identified a scroll of acquirement
  8367 | D:10     | Gained mutation: Your flesh is heat resistant. (rF+)
                  | [potion of mutation]
  8367 | D:10     | Gained mutation: You are partially covered in iridescent
                  | scales. (AC +2) [potion of mutation]
  8367 | D:10     | Gained mutation: Armour fits poorly on your strangely
                  | shaped body. [potion of mutation]
  8368 | D:10     | Lost mutation: You are partially covered in iridescent
                  | scales. (AC +2) [potion of mutation]
  8368 | D:10     | Lost mutation: Armour fits poorly on your strangely shaped
                  | body. [potion of mutation]
  8368 | D:10     | Gained mutation: You heal very quickly. [potion of
                  | mutation]
  8368 | D:10     | Gained mutation: You are partially covered in iridescent
                  | scales. (AC +2) [potion of mutation]
  8546 | D:11     | Noticed a cyclops
  8557 | D:11     | Killed a cyclops
  8558 | D:11     | Reached skill level 1 in Spellcasting
  8558 | D:11     | Reached skill level 1 in Evocations
  8573 | D:11     | Noticed a death knight
  8574 | D:11     | Noticed a five-headed hydra
  8646 | D:11     | Killed a death knight
  8802 | Lair:1   | Entered Level 1 of the Lair of Beasts
  8930 | Lair:1   | Bought a +0 vampiric rapier for 196 gold pieces
  9149 | D:11     | Reached XP level 12. HP: 66/66 MP: 16/16
  9158 | D:11     | Identified the +1 gold dragon scales of the Serpent {Drain
                  | *Slow rElec rPois rF+ rC+ rN+++}
  9158 | D:11     | Noticed a centaur warrior
  9190 | D:11     | Killed a centaur warrior
  9214 | D:11     | Noticed a two-headed ogre
  9230 | D:11     | Killed a two-headed ogre
  9247 | D:11     | Killed a five-headed hydra
 10155 | Lair:1   | Noticed an eight-headed hydra
 10195 | Lair:1   | Killed an eight-headed hydra
 10598 | Lair:2   | Noticed a boulder beetle
 10613 | Lair:2   | Killed a boulder beetle
 10614 | Lair:2   | Reached XP level 13. HP: 44/71 MP: 11/21
 10717 | Lair:2   | Reached skill level 5 in Spellcasting
 10769 | Lair:2   | Reached skill level 10 in Shields
 10845 | Lair:2   | Acquired 725 gold pieces
 10943 | Lair:2   | Found a dark tunnel.
 10950 | Volcano  | Entered a volcano
 11372 | Volcano  | Found a bloodstained altar of Trog.
 11379 | Volcano  | Reached skill level 10 in Fighting
 11506 | Volcano  | Reached skill level 5 in Evocations
 12380 | Lair:1   | Bought the +10 scimitar of the Eleven Geomancers {vorpal,
                  | Dex+5} for 1029 gold pieces
 12618 | Lair:3   | Reached skill level 10 in Long Blades
 13302 | Lair:4   | Noticed Snorg
 13311 | Lair:4   | Killed Snorg
 13462 | Lair:4   | Found a hole to the Spider Nest.
 13472 | Lair:4   | Reached XP level 14. HP: 77/77 MP: 24/24
 13704 | Lair:5   | Found a viscous altar of Jiyva.
 13704 | Lair:5   | Found a staircase to the Slime Pits.
 13818 | Lair:5   | Noticed Nessos
 13835 | Lair:5   | Killed Nessos
 14005 | Lair:5   | Reached skill level 10 in Armour
 14098 | Lair:6   | Entered Level 6 of the Lair of Beasts
 14201 | Lair:6   | Identified the ring of Teumm {rC+ rN+++ Slay+2}
 14991 | Lair:6   | Reached XP level 15. HP: 83/83 MP: 28/28
 15472 | Lair:6   | Found a corrupted altar of Lugonu.
 15472 | Lair:6   | Found a one-way gate to the infinite horrors of the Abyss.
 15782 | Lair:6   | Learned a level 2 spell: Wereblood
 15968 | D:12     | Found Oroth's Antique Armour Emporium.
 16017 | D:12     | Noticed Nergalle
 16018 | D:12     | You fall into a shaft and drop 2 floors!
 16147 | D:14     | Found a gate to the Vaults.
 16321 | D:12     | Acquired a +2 buckler of protection
 16359 | D:12     | Found a gate leading to a gauntlet.
 16366 | D:12     | Reached skill level 1 in Transmutations
 16369 | Gauntlet | Entered a Gauntlet
 16369 | Gauntlet | Found a transporter.
 16387 | Gauntlet | Found a transporter.
 16389 | Gauntlet | Found a transporter.
 16401 | Gauntlet | Found a transporter.
 16402 | Gauntlet | Found a transporter.
 16409 | Gauntlet | Found a transporter.
 16425 | Gauntlet | Found a transporter.
 16435 | Gauntlet | Found a transporter.
 16446 | Gauntlet | Found a transporter.
 16451 | Gauntlet | Found a transporter.
 16451 | Gauntlet | Found a transporter.
 16479 | Gauntlet | Found a transporter.
 16479 | Gauntlet | Found a transporter.
 16531 | Gauntlet | Found a transporter.
 16534 | Gauntlet | Found a runed translucent door.
 16774 | Gauntlet | Identified the +4 ring mail of Gozag's Inspiration {Int+4}
 16853 | Gauntlet | Identified the +1 helmet of the Devil's Team {rElec Will-
                  | MP+9 Slay+3}
 16921 | Gauntlet | Identified the +10 arbalest "Zeno" {freeze, Will+ Str+4}
 17304 | D:12     | Found a stormy altar of Qazlal.
 17333 | D:12     | Noticed Sonja
 17341 | D:12     | Killed Sonja
 17355 | D:12     | Killed Nergalle
 17874 | D:13     | You fall into a shaft and drop 2 floors!
 17874 | D:15     | Entered Level 15 of the Dungeon
 17892 | D:14     | Found a portal to a secret trove of treasure.
 18360 | D:13     | Bought the +8 autumn katana {vorpal, Clar} for 1390 gold
                  | pieces
 18360 | D:13     | Found the +8 autumn katana {vorpal, Clar}
 18411 | D:14     | Reached XP level 16. HP: 76/88 MP: 30/30
 19158 | D:15     | Found a hazy altar of Hepliaklqana.
 19198 | D:15     | Found an ornate altar of the Wu Jian Council.
 19392 | D:15     | Found a staircase to the Depths.
 19551 | D:15     | Found Jeocs's Assorted Antiques.
 19561 | D:15     | Bought a steaming rapier for 315 gold pieces
 19561 | D:15     | Identified the +6 rapier of the Girdle {venom, +Blink MP+9
                  | Str+2 Stlth+} (You bought it in a shop on level 15 of the
                  | Dungeon)
 19801 | Orc:1    | Entered Level 1 of the Orcish Mines
 19901 | Orc:2    | Entered Level 2 of the Orcish Mines
 21063 | Orc:2    | Found a staircase to the Elven Halls.
 21181 | Orc:2    | Found Vece's General Store.
 21182 | Orc:2    | Found Ange's Book Shoppe.
 21184 | Orc:2    | Found Zeotiang's Antique Armour Emporium.
 21184 | Orc:2    | Found Otaureh's Antique Weapon Emporium.
 21945 | Lair:4   | Found a staircase to the Swamp.
 22193 | Swamp:1  | Entered Level 1 of the Swamp
 22221 | Swamp:1  | Reached skill level 10 in Spellcasting
 22244 | Swamp:1  | Reached skill level 5 in Transmutations
 22299 | Swamp:1  | Noticed Kirke
 22483 | Lair:4   | Killed Kirke
 22593 | Swamp:1  | Noticed a fenstrider witch
 22602 | Swamp:1  | Paralysed by a fenstrider witch for 2 turns
 22608 | Swamp:1  | Killed a fenstrider witch
 22692 | Swamp:1  | Reached XP level 17. HP: 89/94 MP: 32/32
 22895 | Swamp:1  | Identified the +5 halberd of the Foot {vorpal, rC+ rN+
                  | Stlth-}
 23679 | Swamp:2  | You fall into a shaft and drop 1 floor!
 24096 | Swamp:2  | Paralysed by a fenstrider witch for 2 turns
 24897 | Swamp:3  | Found a runed translucent door.
 24901 | Swamp:3  | Noticed Spaninq's ghost (adept DjCA)
 24908 | Swamp:3  | Reached skill level 10 in Evocations
 25076 | Swamp:3  | Killed Spaninq's ghost
 25098 | Swamp:4  | Entered Level 4 of the Swamp
 25218 | Swamp:4  | Found a large runed translucent door.
 25220 | Swamp:4  | Found a large runed translucent door.
 25300 | Swamp:4  | Noticed swinepaste's ghost (adept DsBe)
 25379 | Swamp:4  | Reached XP level 18. HP: 99/99 MP: 34/34
 25891 | Spider:1 | Entered Level 1 of the Spider Nest
 26097 | Spider:1 | Noticed Frances
 26107 | Spider:1 | Killed Frances
 26131 | Spider:1 | You fall into a shaft and drop 1 floor!
 26150 | Spider:2 | Noticed Arachne
 26151 | Spider:2 | Upgraded the game from 0.28-a0-465-ge2dae52223 to
                  | 0.28-a0-474-g535839065c
 26162 | Spider:2 | Slain by a wolf spider

Illustrated notes

Levels and vault maps discovered:
D:1:      mushboom_english_gardens, layout_basic,
          hellmonk_ecumenical_altar_lost_god, st_stairs_11, serial_park_tiny_1
D:2:      layout_basic, uniq_sigmund
D:3:      layout_basic, bloody_makhleb, cheibriados_altar_1, serial_shops, shop,
          chequers_serial_rivers_small_a, uniq_robin, uniq_jessica
D:4:      layout_loops_cross, minmay_temple_entry_tees
D:5:      layout_loops_ring, mainiacjoe_overflow_24_doors
D:6:      layout_loops_ring, lexackson_kobold_supper
D:7:      layout_layer_cave, serial_shops,
          nicolae_shop_competitors_out_of_business, uniq_duvessa
D:8:      layout_basic, elyvilon_altar_5, erik_lair_dragon,
          hangedman_decor_riveting, minmay_door_square
D:9:      layout_gridville, david_orc_3, wad_dig_loot
D:10:     layout_cross, lemuel_round_altar
D:11:     minmay_ornate_pinched, layout_basic
D:12:     layout_loops_ring, serial_shops, nicolae_inconvenience_store,
          gauntlet_entry_generic, grunt_qazlal_clouds, uniq_nergalle, uniq_sonja
D:13:     layout_small_grid, kennysheep_doodads
D:14:     layout_irregular_city, david_vaults_1, enter_trove_0,
          small_statue_intersection
D:15:     grunt_enter_depths_snipers, layout_gridville,
          nzn_hepliaklqana_mist_gate, serial_shops, nicolae_lakefront_shop,
          nicolae_wu_jian_wuxing_cycle
Temple:   minmay_crystal_spiral_temple
Lair:1:   layout_chaotic_city, beast_lair_carwin_7
Lair:2:   layout_misc_corridors, nicolae_volcano_entry_s_turn,
          beast_lair_carwin_2, wad_woods_river_01
Lair:3:   layout_regular_city
Lair:4:   layout_hall_layers, swamp_mist, nicolae_spider_entry_orb_guardian,
          uniq_snorg
Lair:5:   layout_misc_corridors, slime_altar_1, grunt_megastairs_4, uniq_nessos
Lair:6:   hellmonk_lair_end_abyssal_woods, layout_cave_pods, grunt_megastairs_2
Swamp:1:  nicolae_swamp_flooded_prison, layout_falls_marsh,
          infiniplex_staircase_pool_2, uniq_kirke
Swamp:2:  layout_falls_marsh, evilmike_swamp_ruin_house_6, swamp_pool5,
          grunt_lady_of_the_lake
Swamp:3:  layout_falls_marsh, gammafunk_ghost_grave,
          evilmike_swamp_ruin_house_4, swamp_pool2
Swamp:4:  byrel_swamp_growth_death_and_undeath, layout_basic_swamp,
          ebering_ghost_disaster_area, swamp_pool1
Spider:1: layout_spider_delve, hangedman_spider_tarantella_strand, uniq_frances,
          uniq_josephine
Spider:2: layout_spider_delve, portal_ice_cave_entry_ice_statue_one,
          gammafunk_ghost_necromancy, nicolae_spider_wall_of_niches,
          uniq_arachne
Orc:1:    layout_diamond_mine
Orc:2:    st_orc_congregation, layout_diamond_mine, nicolae_orc_bridge_out,
          nicolae_orc_sculptors_studio

Skill      XL: |  1  2  3  4  5  6  7  8  9 10 11 12 13 14 15 16 17 18 |
---------------+-------------------------------------------------------+-----
Long Blades    | 2 3 4 5 6 7 8 9 10 11 12 | 12.8
Shields        | 3 4 5 6 8 9 10 11 12 13 | 13.0
Fighting       | 3 4 5 6 8 9 10 11 12 13 | 13.0
Armour         | 3 4 5 6 7 8 9 10 11 12 | 12.0
Spellcasting   | 2 4 6 8 9 10 11 | 11.1
Evocations     | 2 4 5 7 8 9 10 | 10.2
Transmutations | 3 5 7 |  7.2

Action                   |  1- 3 |  4- 6 |  7- 9 | 10-12 | 13-15 | 16-18 || total
-------------------------+-------+-------+-------+-------+-------+-------++-------
Melee: Long sword        |    85 |    43 |   168 |       |       |       ||   296
       Bite              |    14 |    30 |   105 |   260 |   558 |   434 ||  1401
       Dagger            |       |    70 |    85 |       |       |       ||   155
       Falchion          |       |       |    48 |   509 |   175 |       ||   732
       Rapier            |       |       |       |    22 |    39 |    23 ||    84
       Scimitar          |       |       |       |       |   739 |       ||   739
       Katana            |       |       |       |       |    19 |   954 ||   973
       Unarmed           |       |       |       |       |       |     3 ||     3
Invok: Call Merchant     |       |       |       |     1 |     1 |     1 ||     3
  Use: Scroll            |       |       |     3 |     9 |    11 |     7 ||    30
       Potion            |       |       |       |     2 |       |       ||     2
 Stab: Distracted        |       |       |     2 |     5 |     9 |     7 ||    23
Armor: Scale mail        |    45 |    59 |    28 |       |       |       ||   132
       Plate armour      |       |       |   128 |   159 |       |       ||   287
       Gold dragon scale |       |       |       |   248 |   511 |   556 ||  1315
Dodge: Dodged            |    40 |    55 |   100 |   250 |   251 |   148 ||   844
Block: Buckler           |    25 |    26 |    69 |   392 |   726 |    67 ||  1305
       Reflection        |       |       |       |    12 |    49 |    36 ||    97
       Tower shield      |       |       |       |       |       |  1034 ||  1034
       Other             |       |       |       |       |       |     1 ||     1

Table legend: (Time is in decaauts)
 A = Elapsed time spent in this place.
 B = Non-inter-level travel time spent in this place.
 C = Inter-level travel time spent in this place.
 D = Time resting spent in this place.
 E = Time spent auto-exploring this place.
 F = Levels seen in this place.
 G = Mean time per level.
                   A        B        C        D        E       F      G
               +--------+--------+--------+--------+--------+-----+--------+
         Total |  26330 |  24384 |   1946 |    224 |  16832 |  32 |  822.8 |
       Dungeon |  12913 |  11677 |   1236 |     52 |   8422 |  15 |  860.9 |
        Temple |    213 |    128 |     85 |      0 |    112 |   1 |  213.0 |
          Lair |   5930 |   5505 |    425 |    116 |   3864 |   6 |  988.3 |
         Swamp |   3827 |   3705 |    122 |     23 |   2287 |   4 |  956.8 |
   Spider Nest |    275 |    275 |      0 |      0 |    207 |   2 |  137.5 |
  Orcish Mines |   1800 |   1724 |     76 |      4 |   1120 |   2 |  900.0 |
       Volcano |    763 |    763 |      0 |     28 |    494 |   1 |  763.0 |
      Gauntlet |    606 |    606 |      0 |      0 |    325 |   1 |  606.0 |
               +--------+--------+--------+--------+--------+-----+--------+

Top non-repeatable levels by time:
  Lair:6: 1613 daAuts
     D:8: 1493 daAuts
 Swamp:1: 1471 daAuts
   Orc:2: 1323 daAuts
     D:1: 1076 daAuts
    D:11: 1047 daAuts
  Lair:2: 1038 daAuts
  Lair:4: 1003 daAuts
     D:9: 956 daAuts
  Lair:1: 945 daAuts
     D:6: 940 daAuts
 Swamp:2: 931 daAuts
     D:7: 924 daAuts
    D:12: 892 daAuts
    D:14: 848 daAuts
